AoeStats
← houzw2001

Arabia

508915258Analyzed
2v2 RM · 9d ago on Sep 24, 2026· 51m 26s· 4 players
Game mode
Random Map
Map size
Medium (4 player)
Population
200
Speed
Normal
Resources
Standard
Victory
Conquest
Starting age
Dark Age
Ending age
Imperial Age
RankedLock teamsTeams togetherTeam positionsShared explorationLock speedFull tech treeHidden civsTurbo modeCheats
Victory
Defeat
🇨🇳 Mongols · China
1067
+15
🇸🇪 Britons · Sweden
1041
+17
🇨🇳 Shu · China
1048
-46
🇨🇳 Spanish · China
1048
-46
mati
7:41 Loom
9:42 Feudal Age
10:41 Double-Bit Axe
14:18 Horse Collar
16:43 Fletching
21:17 Castle Age
19:41 Stone Mining
21:02 Wheelbarrow
20:20 Gold Mining
20:55 Padded Archer Armor
21:34 Crossbowman
30:26 Ballistics
32:45 Imperial Age
31:17 Bodkin Arrow
31:38 Leather Archer Armor
32:03 Hand Cart
32:35 Bow Saw
32:20 Town Watch
34:10 Bracer
34:40 Ring Archer Armor
35:03 Town Patrol
36:55 Chemistry
38:36 Elite Longbowman
41:30 Yeomen
41:32 Conscription
47:50 Arbalester
我是小菜鸡
8:34 Feudal Age
11:28 Bloodlines
23:00 Castle Age
21:22 Stone Mining
23:00 Gold Mining
24:23 Elite Skirmisher
37:52 Double-Bit Axe
39:30 Gold Shaft Mining
40:58 Scale Barding Armor
40:46 Fletching
40:58 Husbandry
DD人
9:55 Loom
13:18 Feudal Age
19:18 Castle Age
20:01 Horse Collar
20:09 Double-Bit Axe
21:30 Bow Saw
38:02 Heavy Plow
37:32 Pikeman
37:38 Man-at-Arms
38:07 Gambesons
38:44 Squires
38:31 Arson
39:30 Long Swordsman
41:34 Scale Mail Armor
41:44 Forging
houzw2001
10:54 Feudal Age
14:22 Double-Bit Axe
19:17 Fletching
19:27 Padded Archer Armor
23:36 Castle Age
24:50 Thumb Ring
24:05 Crossbowman
25:54 Wheelbarrow
33:14 Elite Skirmisher
38:30 Imperial Age
37:59 Gold Mining
38:09 Pikeman
38:49 Squires
40:22 Coiled Serpent Array
40:44 Conscription
41:13 Gold Shaft Mining
41:14 Bodkin Arrow
41:35 Leather Archer Armor
41:31 Forging
41:21 Scale Mail Armor
41:50 Ballistics
42:40 Chemistry
43:38 Murder Holes
43:49 Siege Engineers
43:55 Siege Engineers
43:46 Murder Holes
44:12 Hand Cart
44:03 Arbalester
44:47 Bracer
45:17 Ring Archer Armor
45:16 Bolt Magazine
46:34 Loom
47:50 Ring Archer Armor
47:35 Chain Mail Armor
47:39 Bow Saw
Connection lost

Rejoining the realm…

Still unreachable

The connection could not be restored.

Session expired

The server has moved on; the page needs a fresh start.